 Dungeon Crawl Stone Soup version 0.19-a0-1002-g674d22e (webtiles) character file.

31 4thArraOfDagon the Bolt Thrower (level 3, -1/26 HPs)
             Began as a Mummy Arcane Marksman on July 18, 2016.
             Slain by a giant frog zombie (3 damage)
             ... on level 5 of the Dungeon.
             The game lasted 00:02:45 (532 turns).

4thArraOfDagon the Bolt Thrower (MuAM)               Turns: 532, Time: 00:02:45

Health: -1/26      AC:  5    Str: 14    XL:     3   Next: 7%
Magic:  4/4        EV: 10    Int: 13    God:
Gold:   64         SH:  0    Dex: 11    Spells: 1 memorised, 3 levels left

rFire  x x .     SeeInvis .     a - +0 hand crossbow
rCold  + + .     Gourm    .     g - +0 ring mail
rNeg   + + +     Faith    .     (no shield)
rPois  ∞         Spirit   .     (no helmet)
rElec  .         Dismiss  .     (no cloak)
rCorr  .         Reflect  .     (no gloves)
SustAt .         Harm     .     (no boots)
MR     .....                    (no amulet)
Stlth  +.........               (no ring)
                                l - ring of ice

@: not resistant to hostile enchantments, very unstealthy
A: no food or potions, fire vulnerability, cold resistance 1, negative energy
resistance 3, torment resistance, unbreathing
a: no special abilities


You were on level 5 of the Dungeon.
You were not hungry.

You visited 1 branch of the dungeon, and saw 5 of its levels.

You collected 64 gold pieces.

Inventory:

Hand Weapons
 a - a +0 hand crossbow (weapon)
 b - a +0 club
 h - a +0 whip
 m - a +0 rapier
Missiles
 d - 5 bolts (quivered)
 i - 8 curare-tipped needles
Armour
 e - a +0 robe
 g - a +0 ring mail (worn)
Jewellery
 l - a ring of ice (left hand)
Scrolls
 f - 2 scrolls of identify {unknown}
 j - a scroll of recharging {unknown}
 k - 2 scrolls of magic mapping {unknown}
Books
 c - a book of Debilitation

   Spells                             Type                      Level
   a - Corona                         Hexes                        1
   b - Slow                           Hexes                        2
   c - Gell's Gravitas                Hexes/Translocation          3
   d - Inner Flame                    Hexes/Fire                   3
   e - Cause Fear                     Hexes                        4
   f - Leda's Liquefaction            Hexes/Earth                  4


   Skills:
 - Level 1.0 Fighting
 + Level 2.9 Crossbows
 - Level 1.5 Dodging
 - Level 1.0 Spellcasting
 - Level 2.6 Hexes


You had 3 spell levels left.
You knew the following spells:

 Your Spells              Type           Power        Failure   Level  Hunger
a - Corona                Hex            #......      24%         1    N/A

Dungeon Overview and Level Annotations

Branches:
Dungeon (5/15)
 Temple: D:4-7

Altars:
Pakellas
Zin


Innate Abilities, Weirdness & Mutations

You do not eat or drink.
Your flesh is vulnerable to fire.
You are immune to poison.
Your flesh is cold resistant. (rC+)
You are immune to negative energy. (rN+++)
You are immune to unholy pain and torment.
You can survive without breathing.


Message History

The giant frog zombie hits you.
* * * LOW HITPOINT WARNING * * *
Unknown command.
Firing (i - inventory):
d - 7 bolts (quivered)
Press: ? - help, Shift-Dir - straight line, f/p - giant frog zombie
Aim: a giant frog zombie You shoot a bolt.
The bolt closely misses the giant frog zombie.
The giant frog zombie hits you.
* * * LOW HITPOINT WARNING * * *
The giant frog zombie hits you.
* * * LOW HITPOINT WARNING * * *
Unknown command.
Firing (i - inventory):
d - 6 bolts (quivered)
Press: ? - help, Shift-Dir - straight line, f/p - giant frog zombie
Aim: a giant frog zombie You shoot a bolt.
The bolt barely misses the giant frog zombie.
The giant frog zombie hits you.
You die...

(............#
.............#
.............##
...............
...............
...............
......Z..$....#
.......@...(.#
............##
...........##
...........#
........<.##
...........
##..........
##..........


You could see a giant frog zombie.

Vanquished Creatures
  An adder (D:4)
  2 giant geckos (D:3)
  A bat (D:3)
  A giant cockroach (D:1)
  2 goblins
  6 hobgoblins
  A kobold (D:1)
  A quokka (D:4)
  2 rats
17 creatures vanquished.

Vanquished Creatures (others)
  A wolf spider (D:4)
1 creature vanquished.

Grand Total: 18 creatures vanquished

Notes
Turn   | Place    | Note
-------+----------+-------------------------------------------
     0 | D:1      | 4thArraOfDagon the Mummy Arcane Marksman began the quest for the Orb.
     0 | D:1      | Reached XP level 1. HP: 15/15 MP: 2/2
   229 | D:2      | Reached XP level 2. HP: 17/21 MP: 3/3
   448 | D:4      | Found an oddly glowing altar of Pakellas.
   448 | D:4      | Noticed a wolf spider
   458 | D:4      | Killed a wolf spider
   467 | D:4      | Reached XP level 3. HP: 21/26 MP: 4/4
   481 | D:5      | Entered Level 5 of the Dungeon
   507 | D:4      | Found a glowing silver altar of Zin.
   531 | D:5      | HP: 1/26 [giant frog zombie (2)]
   532 | D:5      | Slain by a giant frog zombie

Vault maps used:
D:1:      grunt_arrival_crossed_arrows
D:2:      cheibriados_altar_1, tgw_trog, uniq_robin
D:3:      old_standard_altar, first_bread, lexackson_kobold_supper
D:4:      nicolae_gozag_cash_rules_everything_around_me,
          gammafunk_pakellas_cloud_experiment, zin_statuary,
          okawaru_altar_gauntlet_db, uniq_pikel
D:5:      grunt_qazlal_clouds, bh_chokoban

Skill      XL: |  1 |
---------------+----+-----
Crossbows      | 2 |  2.9
Fighting       | |  1.0
Dodging        | |  1.5
Spellcasting   | |  1.0
Hexes          | |  2.6

Action                   || total
-------------------------++-------
Melee: Whip              ||    16
       Club              ||     2
       Rapier            ||     5
 Fire: Hand crossbow     ||    41
Armor: Robe              ||     2
       Ring mail         ||    14
Dodge: Dodged            ||    20
